 Dungeon Crawl Stone Soup version 0.28.0-53-g5a82cb258f (webtiles) character file.

Game seed: 1705808437562966082

113 Miles554 the Chopper (level 4, -1/41 HPs)
             Began as a Minotaur Berserker on Aug 20, 2022.
             Was a Believer of Trog.
             Slain by a wyvern (16 damage)
             ... on level 4 of the Dungeon.
             The game lasted 00:05:34 (3300 turns).

Miles554 the Chopper (Minotaur Berserker)           Turns: 3300, Time: 00:05:35

Health: -1/41      AC:  3    Str: 25    XL:     4   Next: 65%
Magic:  3/3        EV: 12    Int:  4    God:    Trog [**....]
Gold:   128        SH:  0    Dex: 10    Spells: 3/3 levels left

rFire   . . .      SeeInvis .   a - +0 hand axe
rCold   . . .      Faith    .   d - orb {mayhem}
rNeg    . . .      Spirit   .   b - +0 animal skin
rPois   .          Reflect  .   (helmet restricted)
rElec   .          Harm     .   (no cloak)
rCorr   .          Rampage  .   (no gloves)
Will    .....                   (no boots)
Stlth   +.........              (no amulet)
HPRegen 0.13/turn               (no ring)
MPRegen 0.08/turn               (no ring)

@: no status effects
A: horns 2, retaliatory headbutt, iridescent scales 1, deformed body, strong 1
a: Renounce Religion, Berserk, Trog's Hand


You were on level 4 of the Dungeon.
You worshipped Trog.
Trog was pleased with you.
You visited 1 branch of the dungeon, and saw 4 of its levels.

You collected 128 gold pieces.

Inventory:

Hand Weapons
 a - a +0 hand axe (weapon)
Armour
 b - a +0 animal skin (worn)
 d - an orb of mayhem (worn)
Scrolls
 f - a scroll of magic mapping
 h - a scroll of silence {unknown}
Potions
 c - a potion of mutation
 i - a potion of curing


   Skills:
 + Level 4.6 Fighting
 + Level 5.0 Axes
 + Level 2.7 Armour
 + Level 3.0 Dodging
 + Level 0.8 Stealth


You had 3 spell levels left.
You didn't know any spells.
Your spell library was empty.

Dungeon Overview and Level Annotations

Branches:
Dungeon (4/15)
 Temple: D:4-7

Altars:


Innate Abilities, Weirdness & Mutations

You have a pair of horns on your head.
You reflexively headbutt those who attack you in melee.
You are partially covered in iridescent scales. (AC +2)
Armour fits poorly on your strangely shaped body.
Your muscles are strong. (Str +2)


Message History

There is a stone staircase leading up here.
There are no items here.
It was a potion of might.
You feel very mighty all of a sudden.
It was a potion of ambrosia.
You are confused.
You feel invigorated.
Unknown command.
You start waiting.
You feel less invigorated.
You feel less confused.
An adder skeleton comes into view.
The adder skeleton bites you.
You slash the adder skeleton!
The adder skeleton is severely damaged.
The adder skeleton bites you.
You slash the adder skeleton!
You destroy the adder skeleton!
Trog accepts your kill.
No target in view!
You feel a little less mighty now.
HP restored.
A wyvern comes into view.
The wyvern hisses angrily.
A wyvern is nearby!
Found 2 scrolls labelled HUSUTYZOCY.
The wyvern bites you!
You hit the wyvern but do no damage. Your headbutt misses the wyvern.
The wyvern barely misses you. You furiously retaliate!
You headbutt the wyvern. The wyvern barely misses you. You furiously retaliate!
You headbutt the wyvern. You hit the wyvern. Your headbutt misses the wyvern.
The wyvern is heavily wounded.
The wyvern bites you.
You hit the wyvern but do no damage.
The wyvern is heavily wounded.
The wyvern barely misses you. The wyvern bites you!
You are too injured to fight recklessly!
You closely miss the wyvern. You headbutt the wyvern.
The wyvern is severely wounded.
The wyvern bites you!
You die...

# ##. #.. #.###
#.#.## #..#.##
#.###.# #
#..#.####.#
#.###.#@l.#
#..#.#.#?##
##.########.
#######...........
..........#####.##
#######<###
#........
[.####### ####


You could see a wyvern.

Vanquished Creatures
  A hound skeleton (D:2)
  3 adders
  An adder skeleton (D:4)
  2 worms (D:2)
  5 dart slugs
  2 bats (D:2)
  4 endoplasms
  2 giant cockroaches (D:2)
  3 goblins
  8 hobgoblins
  8 kobolds
  3 quokkas
  3 ball pythons
  A frilled lizard (D:1)
  3 rats
  A spectral hobgoblin (D:1)
50 creatures vanquished.

Vanquished Creatures (collateral kills)
  A hobgoblin (D:2)
1 creature vanquished.

Grand Total: 51 creatures vanquished

Notes
Turn   | Place    | Note
-------+----------+-------------------------------------------
     0 | D:1      | Miles554 the Minotaur Berserker began the quest for the
                  | Orb.
     0 | D:1      | Reached XP level 1. HP: 19/19 MP: 0/0
    78 | D:1      | Found a faded altar of an unknown god.
   652 | D:1      | Reached XP level 2. HP: 27/27 MP: 1/1
   716 | D:1      | Reached skill level 4 in Axes
  1509 | D:1      | Gained mutation: You are partially covered in iridescent
                  | scales. (AC +2) [potion of mutation]
  1509 | D:1      | Gained mutation: Armour fits poorly on your strangely
                  | shaped body. [potion of mutation]
  1509 | D:1      | Gained mutation: Your muscles are strong. (Str +2) [potion
                  | of mutation]
  1539 | D:2      | Reached XP level 3. HP: 18/33 MP: 2/2
  1810 | D:2      | Reached ** piety under Trog
  2046 | D:2      | Reached XP level 4. HP: 28/41 MP: 3/3
  2519 | D:3      | Reached skill level 5 in Axes
  3295 | D:4      | Noticed a wyvern
  3300 | D:4      | Slain by a wyvern

Illustrated notes

Levels and vault maps discovered:
D:1:      heliophobic_arrival_dark_side_of_the_moon, layout_basic,
          dreamdust_ecumenical_altar_drowned_temple, minmay_door_square
D:2:      layout_rooms
D:3:      minmay_spotlight, layout_basic
D:4:      layout_loops_ring, grunt_temple_overflow_champion_of_chaos,
          chequers_temple_overflow_statue_of_worship, mrwooster_statue_mirror,
          hangedman_decor_slide_cut, minmay_small_thing

Skill      XL: |  1  2  3  4 |
---------------+-------------+-----
Fighting       | 4 |  4.6
Axes           | 4 5 |  5.0
Dodging        | 3 |  3.0
Armour         | |  2.7
Stealth        | |  0.8

Action                   |  1- 3 |  4- 6 || total
-------------------------+-------+-------++-------
Melee: Hand axe          |    79 |    29 ||   108
       Headbutt          |    11 |     7 ||    18
  Use: Scroll            |     2 |       ||     2
       Potion            |     1 |     4 ||     5
 Stab: Sleeping          |     2 |       ||     2
Armor: Animal skin       |    15 |     2 ||    17
Dodge: Dodged            |    47 |    15 ||    62
